 Dungeon Crawl Stone Soup version 0.22.1-1-ga44c0e56f4 (webtiles) character file.

116 JedernureinKreuz the Conjurer (level 4, -3/34 HPs)
             Began as a Demigod Conjurer on Sept 19, 2018.
             Slain by Terence
             ... wielding a +2 falchion of slicing
              (5 damage)
             ... on level 2 of the Dungeon.
             The game lasted 00:07:01 (2476 turns).

JedernureinKreuz the Conjurer (Demigod Conjurer)    Turns: 2476, Time: 00:07:01

Health: -3/34      AC:  2    Str: 11    XL:     4   Next: 42%
Magic:  0/9        EV: 13    Int: 21    God:
Gold:   89         SH:  0    Dex: 16    Spells: 6/7 levels left

rFire    . . .     SeeInvis .   k - +0 hand axe
rCold    . . .     Gourm    .   (no shield)
rNeg     . . .     Faith    .   a - +0 robe
rPois    .         Spirit   .   (no helmet)
rElec    .         Reflect  .   (no cloak)
rCorr    .         Harm     .   (no gloves)
MR       .....                  (no boots)
Stlth    ++........             (no amulet)
HPRegen  0.11/turn              (no ring)
MPRegen  0.11/turn              (no ring)

@: no status effects
A: high mp 1
a: no special abilities


You were on level 2 of the Dungeon.
You were not hungry.

You visited 1 branch of the dungeon, and saw 2 of its levels.

You collected 89 gold pieces.

Inventory:

Hand Weapons
 f - a +0 whip
 k - a +0 hand axe (weapon)
Missiles
 b - 2 javelins (quivered)
 h - 29 bolts
 m - 24 arrows
Armour
 a - a +0 robe (worn)
Jewellery
 o - a +2 ring of intelligence {unknown}
Scrolls
 e - a scroll of remove curse {unknown}
 n - a scroll of enchant armour {unknown}
 p - a scroll of identify {unknown}
Potions
 g - a potion of heal wounds {unknown}
 i - a potion of haste
 j - a potion of flight {unknown}
 l - a potion of curing {unknown}
Comestibles
 c - 6 rations


   Skills:
 + Level 0.9 Fighting
 + Level 1.2(1.3) Axes
 + Level 0.3(0.9) Maces & Flails
 + Level 2.2 Dodging
 + Level 2.1 Stealth
 + Level 2.1 Spellcasting
 + Level 4.5 Conjurations


You had 6 spell levels left.
You knew the following spells:

 Your Spells              Type           Power        Failure   Level  Hunger
a - Magic Dart            Conj           ###.         2%          1    #......

Your spell library contained the following spells:

 Spells                   Type           Power        Failure   Level  Hunger
 Searing Ray              Conj           ###...       3%          2    ##.....
 Dazzling Spray           Conj/Hex       ##....       17%         3    ###....
 Iskenderun's Mystic Bla  Conj           ###.....     22%         4    #####..
 Force Lance              Conj/Tloc      ##......     50%         4    #####..
 Fulminant Prism          Conj/Hex       ##........   50%         4    #####..


Dungeon Overview and Level Annotations

Branches:
Dungeon (2/15)

Annotations:
D:2 Terence


Innate Abilities, Weirdness & Mutations

You have an increased reservoir of magic. (+10% MP)


Message History

Press: ? - help, Shift-Dir - straight line, f/p - Terence
Aim: Terence, wielding a falchion of slicing and wearing a scale mail (almost The magic dart hits Terence.
Terence is almost dead.
Terence hits you with a falchion of slicing.
* * * LOW HITPOINT WARNING * * *
x2 You hit Terence but do no damage.
Terence is almost dead.
Terence shouts, "Get ready for death!"
Terence misses you.
Terence hits you with a falchion of slicing.
* * * LOW HITPOINT WARNING * * *
x2 You hit Terence but do no damage.
Terence is almost dead.
Terence closely misses you.
You barely miss Terence.
Terence is almost dead.
Terence hits you but does no damage.
Terence hits you with a falchion of slicing.
You die...

#.##.####.## .#
#.##........ .#
#.###....... .# #.#
#.....#. .# #.#########.
######.# #...........
#...##.# ##########..
##....@.# #....####..
#.....@.# #.##.......
###.......# #.#########
#.........# #.#...#....
......##...# #.....#<###
##....###..# ###.###.#
...........#######.###.###
.
.......................)..
.
#####...##..####.#.###.###
. #.......# #.#.###'###


You could see Terence.

Vanquished Creatures
  4 adders (D:2)
  An ooze (D:1)
  A dart slug (D:2)
  4 worms (D:2)
  A leopard gecko (D:1)
  2 orcs (D:2)
  A ball python (D:2)
  10 bats
  3 giant cockroaches (D:2)
  9 goblins
  6 hobgoblins
  2 quokkas (D:2)
  7 frilled lizards
  5 kobolds
  5 rats
61 creatures vanquished.

Notes
Turn   | Place    | Note
-------+----------+-------------------------------------------
     0 | D:1      | JedernureinKreuz the Demigod Conjurer began the quest for
                  | the Orb.
     0 | D:1      | Reached XP level 1. HP: 14/14 MP: 5/5
   226 | D:1      | Reached skill level 4 in Conjurations
   233 | D:1      | Reached XP level 2. HP: 19/20 MP: 4/7
  1132 | D:2      | Reached XP level 3. HP: 26/26 MP: 2/8
  1193 | D:2      | HP: 1/26 [orc priest/divine providence (10)]
  1199 | D:2      | HP: 1/26 [bat (1)]
  1773 | D:2      | Reached XP level 4. HP: 29/34 MP: 0/9
  1927 | D:2      | Reached skill level 1 in Axes
  2091 | D:2      | Found a bloodstained altar of Trog.
  2454 | D:2      | Noticed Terence
  2474 | D:2      | HP: 1/34 [Terence/falchion of slicing (1)]
  2476 | D:2      | Slain by Terence

Skill      XL: |  1  2  3  4 |
---------------+-------------+-----
Conjurations   | 4 |  4.5
Dodging        | 2 |  2.2
Stealth        | 2 |  2.1
Spellcasting   | 2 |  2.1
Axes           | 1 |  1.2
Fighting       | |  0.9
Maces & Flails | |  0.3

Action                   |  1- 3 |  4- 6 || total
-------------------------+-------+-------++-------
Melee: Whip              |    40 |       ||    40
       Unarmed           |     3 |       ||     3
       Hand axe          |    43 |    35 ||    78
 Cast: Magic Dart        |    60 |    45 ||   105
 Stab: Sleeping          |     2 |     1 ||     3
  Eat: Chunk             |     3 |     3 ||     6
Armor: Robe              |    15 |     9 ||    24
Dodge: Dodged            |    79 |    53 ||   132
